 Dungeon Crawl Stone Soup version 0.29-a0-334-gb41bcbb86e (webtiles) character file.

Game seed: 10417419167366415444

48 spaghetti the Skirmisher (level 3, -4/44 HPs)
             Began as an Ogre Chaos Knight on Apr 13, 2022.
             Was a Plaything of Xom.
             Slain by an orc
             ... wielding a +0 flail
              (7 damage)
             ... on level 3 of the Dungeon.
             The game lasted 00:02:01 (1466 turns).

spaghetti the Skirmisher (Ogre Chaos Knight)        Turns: 1466, Time: 00:02:02

Health: -4/44      AC:  5    Str: 16    XL:     3   Next: 72%
Magic:  3/3        EV:  9    Int: 15    God:    Xom [...*..]
Gold:   158        SH:  0    Dex:  8    Spells: 2/2 levels left

rFire   . . .      SeeInvis .   r - +3 dagger {short}
rCold   . . .      Faith    .   (no shield)
rNeg    . . .      Spirit   .   b - +2 robe
rPois   .          Reflect  .   (helmet restricted)
rElec   .          Harm     .   (no cloak)
rCorr   .          Rampage  .   (gloves unavailable)
Will    .....                   (boots unavailable)
Stlth   +.........              (no amulet)
HPRegen 0.14/turn               (no ring)
MPRegen 0.08/turn               (no ring)

@: attractive, hasted, very quick
A: large, unfitting armour, tough skin 1
a: Renounce Religion


You were on level 3 of the Dungeon.
You worshipped Xom.
You were a favourite toy of Xom.
You visited 1 branch of the dungeon, and saw 3 of its levels.

You collected 158 gold pieces.


Innate Abilities, Weirdness & Mutations

You are too large for most types of armour.
You have tough skin. (AC +1)


   Skills:
 + Level 6.1 Fighting
 - Level 3.0 Polearms
 - Level 2.1 Dodging


You had 2 spell levels left.
You didn't know any spells.
Your spell library was empty.

Inventory:

Hand Weapons
 a - a +0 spear of chaos {polearm}
 r - a +3 dagger (weapon) {short}
   (You took it off a goblin on level 2 of the Dungeon)
Missiles
 h - 59 stones {throwing}
Armour
 b - a +2 robe (worn)
Scrolls
 d - 4 scrolls of identify {unknown}
 g - 2 scrolls of immolation {unknown}
 k - a scroll of fog {unknown}
 m - a scroll of holy word {unknown}
 s - a scroll of fear {unknown}
Potions
 e - a potion of magic
 l - a potion of heal wounds {unknown}
 n - a potion of ambrosia {unknown}
 o - a potion of degeneration {unknown}
 p - a potion of curing {unknown}
 q - a potion of brilliance {unknown}
Miscellaneous
 c - a piece from Xom's chessboard (15/15) (quivered)

Dungeon Overview and Level Annotations

Branches:
Dungeon (2/15)

Altars:

#########
#.......#
##..o....#
#...o@)..#
#..(g{b..#
#........#
#>.........
..............
.....#.########
.....#. .....#.


You could see an orc wizard, an orc, a goblin and a bat.


Message History

You fall into a shaft and drop 1 floor!
The shaft crumbles and collapses. 2 orcs, 2 orc wizards and a goblin come into view.
The orc shouts!
The orc wizard shouts! x2; The goblin shouts!
Found 14 stones.
Found a stone staircase leading down.
Unknown command.
Unknown command.
You hit the orc. The orc hits you but does no damage.
You hit the orc.
A bat comes into view.
The orc closely misses you.
The orc wizard hits you with a +0 dagger. 😕 HP[-3]
You take 3 damage, and now have 41/44 hp.
You are too injured to fight recklessly!
You are too injured to fight recklessly!
You are too injured to fight recklessly!
You are too injured to fight recklessly!
You are too injured to fight recklessly!
You are too injured to fight recklessly!
You are too injured to fight recklessly!
You are too injured to fight recklessly!
You are too injured to fight recklessly!
You are too injured to fight recklessly!
Unknown command.
You closely miss the orc. The orc barely misses you.
The orc wizard hits you with a +0 dagger. 😕 HP[-2]
You take 2 damage, and now have 39/44 hp.
You hit the orc but do no damage. The bat hits you but does no damage.
The orc hits you with a +0 flail.
The orc wizard mumbles some strange words.
The orc wizard flickers and vanishes!
Deactivating autopickup; reactivate with Ctrl-A. 😕 HP[-1]
You take 1 damage, and now have 38/44 hp.
You hit the orc but do no damage. The bat hits you but does no damage.
The orc wizard closely misses you. The orc barely misses you.
Something hits you. 😕 HP[-1]
You take 1 damage, and now have 37/44 hp.
You hit the orc.
You kill the orc!
The goblin hits you but does no damage. The bat closely misses you.
The orc closely misses you. Something hits you but does no damage.
The orc wizard casts a spell at you. The puff of flame hits you! 😮 HP[-9]
You take 9 damage, and now have 28/44 hp.
MASSIVE DAMAGE!! (PAUSE) Unknown command.
You hit the orc wizard. The bat barely misses you.
The goblin hits you but does no damage. The orc barely misses you.
Something hits you but does no damage.
The orc wizard hits you with a +0 dagger. 😮 HP[-1]
You take 1 damage, and now have 27/44 hp.
You hit the orc wizard but do no damage.
The bat barely misses you. The goblin hits you with a +0 dagger.
The orc hits you with a +0 flail!
* * * LOW HITPOINT WARNING * * *
You hear some strange, mumbled words.
A magic dart appears from out of thin air!
The magic dart hits you!
* * * LOW HITPOINT WARNING * * *
The orc wizard barely misses you. 😱 HP[-20]
You take 20 damage, and now have 7/44 hp.
MASSIVE DAMAGE!! (PAUSE) It was a potion of magic.
Magic courses through your body.
Xom roars with laughter!
The bat misses you. The goblin barely misses you. The orc closely misses you.
Something hits you.
* * * LOW HITPOINT WARNING * * *
The orc wizard hits you but does no damage. 😱 HP[-2]
You take 2 damage, and now have 5/44 hp.
It was a potion of cancellation.
You feel magically purged. The bat barely misses you.
The goblin barely misses you. The orc closely misses you. Something hits you.
* * * LOW HITPOINT WARNING * * *
The orc wizard hits you but does no damage. 😱 HP[-1]
You take 1 damage, and now have 4/44 hp.
Unknown command.
Unknown command.
It was a potion of attraction.
You feel attractive to monsters. The bat barely misses you.
The goblin hits you with a +0 dagger.
* * * LOW HITPOINT WARNING * * *
The orc barely misses you.
You hear some strange, mumbled words.
Something tries to affect you, but you resist.
The orc wizard hits you but does no damage. 😱 HP[-2]
You take 2 damage, and now have 2/44 hp.
It was a potion of haste.
You feel yourself speed up. The bat hits you but does no damage.
The goblin hits you but does no damage. The bat hits you but does no damage.
The orc hits you with a +0 flail!
You die...

Skill      XL: |  1  2  3 |
---------------+----------+-----
Fighting       | 5 6 |  6.1
Polearms       | |  3.0
Dodging        | |  2.1

Action                   || total
-------------------------++-------
Melee: Spear             ||   105
       Punch             ||     1
       Dagger            ||     8
  Use: Potion            ||     4
 Stab: Paralysed         ||     3
       Confused          ||     2
Armor: Robe              ||    34
Dodge: Dodged            ||    53

Levels and vault maps discovered:
D:1:      amcnicky_arrival_abandoned_market, layout_loops_ring,
          nicolae_ecumenical_lake_church
D:2:      layout_loops_ring
D:3:      layout_basic, minmay_surrounded

Notes
Turn   | Place    | Note
-------+----------+-------------------------------------------
     0 | D:1      | spaghetti the Ogre Chaos Knight began the quest for the
                  | Orb.
     0 | D:1      | Reached XP level 1. HP: 24/24 MP: 1/1
     0 | D:1      | magus.rc [v1.9.6]
    70 | D:1      | XOM: potion effect (brilliance)
   207 | D:1      | Found a faded altar of an unknown god.
   216 | D:1      | XOM: silly message
   251 | D:1      | Reached XP level 2. HP: 30/33 MP: 2/2
   447 | D:1      | Reached skill level 5 in Fighting
   489 | D:1      | XOM: polymorph rat -> dart slug
   984 | D:1      | XOM: cloud trail
  1073 | D:1      | XOM is BORED!
  1085 | D:2      | Reached XP level 3. HP: 42/42 MP: 3/3
  1278 | D:2      | XOM: divination: detect creatures
  1280 | D:2      | Reached skill level 6 in Fighting
  1454 | D:2      | You fall into a shaft and drop 1 floor!
  1462 | D:3      | HP: 7/44 [something/magic dart (10)]
  1465 | D:3      | HP: 2/44 [goblin/+0 dagger (2)]
  1466 | D:3      | Slain by an orc

Vanquished Creatures
  An adder (D:2)
  A worm (D:2)
  A dart slug (D:1)
  An orc (D:3)
  3 bats
  3 endoplasms
  2 giant cockroaches
  6 goblins
  4 ball pythons
  8 kobolds (D:1)
  4 rats
34 creatures vanquished.

Table legend:
 A = Non-vault XP
 B = Vault XP
 C = Vault XP percentage of total XP
 D = Non-vault monster count
 E = Vault monster count
 F = Vault count percentage of total count
                 A         B        C        D         E       F
            +---------+---------+-------+---------+---------+-------
      Total |      69 |       0 |   0.0 |      34 |       0 |   0.0
            +---------+---------+-------+---------+---------+-------
        D:1 |      33 |       0 |   0.0 |      21 |       0 |   0.0
        D:2 |      33 |       0 |   0.0 |      12 |       0 |   0.0
        D:3 |       3 |       0 |   0.0 |       1 |       0 |   0.0
            +---------+---------+-------+---------+---------+-------

Illustrated notes

Table legend:
 A = Kills in this place as a percentage of kills in entire the game.
 B = Kills by you in this place as a percentage of kills by you in the entire game.
 C = Kills by friends in this place as a percentage of kills by friends in the entire game.
 D = Other kills in this place as a percentage of other kills in the entire game.
 E = Experience gained in this place as a percentage of experience gained in the entire game.
 F = Experience gained in this place divided by the number of levels of this place that you have seen.
                   A       B       C       D       E      F
               +-------+-------+-------+-------+-------+----------------------
         Total | 100.0 | 100.0 |   N/A |   N/A | 100.0 |  23.0
       Dungeon | 100.0 | 100.0 |   N/A |   N/A | 100.0 |  23.0
               +-------+-------+-------+-------+-------+----------------------

Table legend: (Time is in decaauts)
 A = Elapsed time spent in this place.
 B = Non-inter-level travel time spent in this place.
 C = Inter-level travel time spent in this place.
 D = Time resting spent in this place.
 E = Time spent auto-exploring this place.
 F = Levels seen in this place.
 G = Mean time per level.
                   A        B        C        D        E       F      G
               +--------+--------+--------+--------+--------+-----+--------+
         Total |   1460 |   1422 |     38 |      9 |   1180 |   3 |  486.7 |
       Dungeon |   1460 |   1422 |     38 |      9 |   1180 |   3 |  486.7 |
               +--------+--------+--------+--------+--------+-----+--------+

Top non-repeatable levels by time:
     D:1: 1078 daAuts
     D:2: 370 daAuts
     D:3: 11 daAuts
